AoeStats
← J.Dandy

Arena

507701347Analyzed
3v3 RM · 11d ago on Sep 19, 2026· 48m 58s· 6 players
Game mode
Random Map
Map size
Normal (6 player)
Population
200
Speed
Normal
Resources
Standard
Victory
Conquest
Starting age
Dark Age
Ending age
Imperial Age
RankedLock teamsTeams togetherTeam positionsShared explorationLock speedFull tech treeHidden civsTurbo modeCheats
Victory
Defeat
🇦🇺 Italians · Australia
1231
+17
🇦🇺 Romans · Australia
1229
+17
🇦🇺 Burgundians · Australia
1191
+19
🇯🇵 Bulgarians · Japan
1296
-19
🇯🇵 Cumans · Japan
1260
-18
🇯🇵 Khmer · Japan
1220
-16
trickflogg
11:17 Feudal Age
15:03 Castle Age
14:05 Double-Bit Axe
14:37 Horse Collar
16:03 Bow Saw
23:36 Wheelbarrow
23:00 Gold Mining
28:06 Imperial Age
25:49 Scale Mail Armor
26:04 Heavy Plow
26:35 Squires
26:21 Arson
27:15 Chain Mail Armor
27:39 Forging
29:18 Conscription
29:37 Plate Mail Armor
29:43 Iron Casting
33:46 Blast Furnace
43:28 Chemistry
44:54 Pirotechnia
47:02 Padded Archer Armor
Saxtus
10:19 Feudal Age
12:13 Loom
16:07 Castle Age
15:08 Fletching
17:11 Bodkin Arrow
28:29 Horse Collar
28:36 Double-Bit Axe
35:32 Imperial Age
35:06 Forging
35:02 Scale Barding Armor
36:53 Iron Casting
39:18 Chain Barding Armor
44:22 Conscription
45:12 Blast Furnace
43:43 Pikeman
46:02 Wheelbarrow
The Black Earl
11:49 Feudal Age
13:55 Loom
24:54 Wheelbarrow
30:53 Castle Age
29:17 Double-Bit Axe
29:14 Horse Collar
30:43 Bow Saw
31:55 Heavy Plow
32:42 Wheelbarrow
36:37 Hand Cart
36:19 Town Watch
36:12 Cavalier
38:07 Forging
39:03 Gold Mining
39:38 Scale Barding Armor
40:21 Gold Shaft Mining
41:04 Stone Mining
42:17 Chain Barding Armor
42:45 Stone Shaft Mining
42:44 Husbandry
45:07 Iron Casting
yamaguchi
7:56 Loom
10:42 Feudal Age
12:28 Scale Mail Armor
12:39 Forging
15:44 Double-Bit Axe
22:43 Castle Age
21:52 Horse Collar
23:58 Bow Saw
25:49 Wheelbarrow
28:12 Gold Mining
28:12 Stone Mining
30:36 Scale Barding Armor
33:28 Imperial Age
31:46 Chain Mail Armor
32:07 Iron Casting
32:38 Hand Cart
32:48 Gambesons
33:04 Squires
32:50 Arson
34:20 Stirrups
34:28 Bagains
36:21 Blast Furnace
35:56 Plate Mail Armor
38:50 Chain Barding Armor
38:46 Pikeman
39:35 Light Cavalry
40:26 Bloodlines
42:02 Chemistry
40:38 Halberdier
41:08 Hussar
41:59 Bloodlines
42:29 Plate Barding Armor
42:26 Husbandry
J.Dandy
6:28 Loom
9:03 Feudal Age
10:13 Double-Bit Axe
19:42 Horse Collar
24:17 Castle Age
23:08 Gold Mining
24:21 Stone Mining
25:22 Bow Saw
26:00 Wheelbarrow
25:13 Town Watch
28:40 Elite Skirmisher
29:25 Thumb Ring
29:16 Fletching
29:26 Padded Archer Armor
34:19 Imperial Age
32:34 Scale Barding Armor
33:05 Forging
33:27 Bloodlines
34:12 Light Cavalry
35:02 Bloodlines
36:45 Cavalier
39:46 Scale Mail Armor
47:54 Forging
49:04 Iron Casting
yake0213
11:39 Feudal Age
16:30 Castle Age
14:55 Horse Collar
15:49 Double-Bit Axe
19:06 Heavy Plow
26:01 Stone Mining
26:05 Gold Mining
28:37 Wheelbarrow
36:18 Imperial Age
34:02 Bow Saw
37:41 Scale Barding Armor
37:47 Forging
37:39 Tusk Swords
38:10 Heavy Scorpion
39:05 Bloodlines
38:55 Husbandry
40:01 Gold Shaft Mining
40:07 Stone Shaft Mining
42:47 Conscription
45:15 Double Crossbow
45:56 Ballistics
49:30 Hand Cart
Connection lost

Rejoining the realm…

Still unreachable

The connection could not be restored.

Session expired

The server has moved on; the page needs a fresh start.